[Event "*** Titled Tuesday Blitz AM"]
[Site "Chess.com"]
[Date "2020.01.07"]
[Round "9"]
[White "Jabberwockiez"]
[Black "Angry_Serb"]
[Result "0-1"]
[WhiteElo "2310"]
[BlackElo "2660"]
[TimeControl "180+2"]
[EndTime "11:05:16 PST"]
[Termination "Angry_Serb won by resignation"]

1. e4 g6 2. d4 Bg7 3. Nf3 d6 4.
Bd3 Nc6 5. d5 Nb8 6. c4 c6 7.
Nc3 Nf6 8. O-O O-O 9. Nd4 Nxd5 10. exd5 Bxd4 11. Bxg6 Bxf2+ 12. Rxf2 fxg6 13. Bh6 Rxf2 14. Kxf2 e5 15. dxe6 Qh4+ 16. Ke2 Qxh6 17. Qxd6 Qh5+ 18. Kd2 Qg5+ 19. Kd3 Qf5+ 20. Ne4 Bxe6 21. Qd8+ Kg7 22. Qd4+ Kh6 23. g4 Qf3+ 24. Kc2 Qe2+ 25. Kb3 Bxg4 26. Nf6 Qf3+ 27. Kc2 Bf5+ 28. Kd2 Qg2+ 29. Kc3 Qc2+ 30. Kb4 Na6+ 31. Ka3 Qd3+ 32. Qxd3 Bxd3 33. Ng4+ Kg7 34. Ne5 Bf5 35. Rd1 Re8 36. Nd7 Rd8 0-1

[Event "*** Titled Tuesday Blitz AM"]
[Site "Chess.com"]
[Date "2020.01.07"]
[Round "9"]
[White "NemtsevIgor"]
[Black "Kubas1010"]
[Result "1/2-1/2"]
[WhiteElo "2384"]
[BlackElo "2579"]
[TimeControl "180+2"]
[EndTime "11:05:19 PST"]
[Termination "Game drawn by agreement"]

1. d4 d5 2. Bf4 c5 3. e3 Nc6 4. c3 Qb6 5. Qb3 c4 6. Qc2 Nf6 7. Nd2 g6 8. e4 Nxe4 9. Nxe4 Bf5 10. f3 dxe4 11. fxe4 Bd7 12. Bxc4 Bg7 13. Ne2 O-O 14. O-O e5 15. Be3 exd4 16. cxd4 Nxd4 17. Nxd4 Bxd4 18.
Bxd4 Qxd4+ 19. Kh1 Rac8 20. Rad1 Rxc4 21. Rxd4 Rxc2 22.
Rxd7 Rxb2 23. h3 a5 24. a4 b5 25. axb5 Rxb5 26. Rf6 Re5 27. Ra6 Rc8 28. Rd5 Rxd5 29.
exd5 Rc5 30. d6 Rd5 31. d7 Rxd7 32. Rxa5 h5 33. Kh2 h4 34. Ra4 g5 35. Ra5 f6 36.
Ra3 Kf7 37. Rb3 Kg6 38. Ra3 Kf5 39. Ra5+ Ke4 40. Ra4+ Ke5 41. Ra5+ Rd5 42. Ra8 f5 43. Rg8 Kf4 44. Rf8 Rd2 45. Rf7 Ra2 46. Rf8 Ra6 47. Rf7 Ke5 48. Rg7 Kf4 49. Rf7 Rg6 50. Rf8 Rg7 51. Rf6 Ke5 52. Rf8 Rg6 53. Rf7 f4 54. Kg1 Ra6 55. Kf2 Ra2+ 56. Kf3 Ra3+ 57.
Kf2 Ke4 58. Re7+ Kf5 59. Rf7+ Ke5 60. Re7+ Kf6 61. Rb7 Ra2+ 62. Kf3 Ra3+ 63. Kf2 Re3 64. Rb6+ Kf5 65. Rb5+ Re5 66. Rb8 Ra5 67. Rf8+ Ke4 68.
Re8+ Re5 69. Rd8 Rd5 70. Re8+ Kf5 71. Rf8+ Kg6 72. Rg8+ Kf7 73. Ra8 Rd3 74. Ra6 Rg3 75.
Rb6 f3 76. gxf3 Rxh3 77. Kg2 Rg3+ 78. Kf2 Kg7 79. Ra6 g4 80. fxg4 Rxg4 81. Kf3 Rg5 82. Ra4 h3 83. Rh4 1/2-1/2

[Event "*** Titled Tuesday Blitz AM"]
[Site "Chess.com"]
[Date "2020.01.07"]
[Round "9"]
[White "FedaMaster"]
[Black "IwkooO"]
[Result "0-1"]
[WhiteElo "2442"]
[BlackElo "2564"]
[TimeControl "180+2"]
[EndTime "11:05:20 PST"]
[Termination "IwkooO won by resignation"]

1. e4 b6 2. d4 Bb7 3. Bd3 e6 4. Nf3 Nf6 5. Qe2 d5 6. Nbd2 dxe4 7. Nxe4 Nbd7 8. Bg5 Be7 9. O-O-O O-O 10. h4 h6 11.
Bxf6 Nxf6 12. Rhe1 Qd5 13. Kb1 Rfd8 14. Nc3 Qh5 15.
g4 Qxg4 16. d5 Nxd5 17. Ne4 Nf4 18. Qe3 Nxd3 19. cxd3 Bc5 20. Qe2 Qf4 21. Rg1 Rd7 22. Nfd2 Rad8 23. Rg4 Qf5 24. Rdg1 g6 25. h5 Rxd3 26.
hxg6 Rxd2 27. gxf7+ Kf8 28. Rg8+ Ke7 29. Rxd8 Bxe4+ 30.
Ka1 Rxd8 31. Rg8 Qxf7 32. Rxd8 Kxd8 33. Qxe4 Qxf2 34. a3 Qf1+ 35. Ka2 Qf5 36. Qa8+ Ke7 37. Qxa7 Qd5+ 38. Ka1 Bd6 39. Qa4 h5 40. Qh4+ Kd7 41.
Qf6 Be5 42. Qf2 Qd4 43. Qg2 Qxb2+ 44. Qxb2 Kd6 45. Kb1 Bxb2 46. a4 h4 47. a5 bxa5 0-1

[Event "*** Titled Tuesday Blitz AM"]
[Site "Chess.com"]
[Date "2020.01.07"]
[Round "9"]
[White "lrestevez"]
[Black "JuliaEfremova"]
[Result "1-0"]
[WhiteElo "2142"]
[BlackElo "2017"]
[TimeControl "180+2"]
[EndTime "11:05:26 PST"]
[Termination "lrestevez won by resignation"]

1. e4 c6 2. Nc3 d5 3. Nf3 dxe4 4. Nxe4 Nd7 5. Bc4 e6 6. d3 Ngf6 7. Qe2 Be7 8. Bd2 O-O 9. Bc3 a5 10. a4 Rb8 11. O-O Nxe4 12. dxe4 Qc7 13. Rfd1 b6 14.
Rd2 Bb7 15. Rad1 Rbd8 16. h3 Nc5 17. Be5 Qc8 18. b3 Rxd2 19. Rxd2 Rd8 20. Rxd8+ Qxd8 21. Bd3 Nxd3 22. Qxd3 Qxd3 23. cxd3 b5 24. Kf1 Bb4 25.
Nd4 bxa4 26. bxa4 f6 27. Bc7 Kf7 28. Nb3 Ba6 29. Ke2 c5 30. Bxa5 Ba3 31. Nd2 f5 32. f3 g5 33. Nc4 Bc1 34. Bb6 h5 35. Bxc5 g4 36. hxg4 hxg4 37. fxg4 fxg4 38. Ne5+ Ke8 39. Nxg4 Kd7 40. Be3 Bb2 41. Bd2 Kc6 42. Ke3 Kc5 43. Nf2 Bd4+ 44. Ke2 Bc8 45. g4 e5 46. Be3 Bd7 47.
Bxd4+ Kxd4 48. a5 Kc5 49. g5 Kb5 50. g6 Kxa5 51. Ke3 Kb5 52. g7 Be6 53. Ng4 Kc5 54. Nf6 Kd6 55. g8=Q Bxg8 56. Nxg8 Ke6 57. Nh6 Kf6 58.
Ng4+ Ke6 59. Kf3 Kd6 60. Ne3 Kc5 61. Nc4 Kd4 62. Ke2 1-0

[Event "*** Titled Tuesday Blitz AM"]
[Site "Chess.com"]
[Date "2020.01.07"]
[Round "9"]
[White "Gogolev_Artemy"]
[Black "Onegust"]
[Result "0-1"]
[WhiteElo "2433"]
[BlackElo "2562"]
[TimeControl "180+2"]
[EndTime "11:05:34 PST"]
[Termination "Onegust won by resignation"]

1. d4 Nf6 2. c4 e6 3. g3 c5 4. Nf3 cxd4 5. Nxd4 Qc7 6. b3 Nc6 7. Bg2 Bc5 8. Nb5 Qe5 9. N5c3 d5 10. Bf4 Qd4 11. Qxd4 Nxd4 12. Kd2 dxc4 13. bxc4 O-O 14. Na4 Bb4+ 15. Nbc3 Rd8 16. Rab1 a5 17. Rhd1 Bd7 18. Nb6 Ra6 19. Bc7 Re8 20. a3 Bxa3 21. Ke3 Bc5 22.
Nxd7 Nxd7 23. Bxb7 Ra7 24. Ke4 Nf6+ 25. Kf4 e5+ 26.
Bxe5 Nh5+ 27. Kg4 Rxe5 28. e3 f5+ 29. Kh4 Ne6 30. Kxh5 f4+ 31. Kg4 fxe3 32. fxe3 Rxe3 33. Nd5 Re5 34. Re1 h5+ 35. Kf3 Nd4+ 36. Kf2 Nc2+ 37. Kf1 Rxe1+ 38. Rxe1 Nxe1 39. Kxe1 Rxb7 0-1

[Event "*** Titled Tuesday Blitz AM"]
[Site "Chess.com"]
[Date "2020.01.07"]
[Round "9"]
[White "Tayson_7"]
[Black "RojonR"]
[Result "1-0"]
[WhiteElo "2566"]
[BlackElo "2456"]
[TimeControl "180+2"]
[EndTime "11:05:38 PST"]
[Termination "Tayson_7 won on time"]

1. d4 Nf6 2. Nf3 e6 3. Bg5 d5 4. c4 c6 5. cxd5 exd5 6. Nc3 Be6 7. Qc2 Nbd7 8. e3 h6 9. Bh4 g5 10. Bg3 Nh5 11. Bd3 Nxg3 12. hxg3 Bg7 13. O-O-O a5 14. Bf5 Qf6 15. g4 O-O 16. Nxg5 Bxf5 17. gxf5 Qxg5 18.
g4 Nf6 19. Rdg1 Nxg4 20. Kb1 Kh8 21. f6 Qxf6 22. Rxg4 Rae8 23. Rhg1 Rg8 24. R1g2 Qf3 25.
Qc1 Bf6 26. R2g3 Qxg4 27. Rxg4 Rxg4 28. Qh1 Bg7 29. Ne2 c5 30. Qh5 Rg5 31. Qxf7 Rf8 32. Qxb7 cxd4 33. f4 1-0

[Event "*** Titled Tuesday Blitz AM"]
[Site "Chess.com"]
[Date "2020.01.07"]
[Round "9"]
[White "arjwezhrtdrz"]
[Black "FearlessKing64"]
[Result "1-0"]
[WhiteElo "2290"]
[BlackElo "2321"]
[TimeControl "180+2"]
[EndTime "11:05:39 PST"]
[Termination "arjwezhrtdrz won on time"]

1. e4 c5 2. c3 g6 3. Nf3 Bg7 4.
a4 d5 5. d3 dxe4 6. dxe4 Qxd1+ 7. Kxd1 Nf6 8. Nfd2 O-O 9. f3 Nc6 10. Kc2 Be6 11. Bc4 Bxc4 12. Nxc4 b6 13. Be3 Rfd8 14.
Nba3 Nd7 15. Rad1 Nde5 16. Bf4 Rxd1 17. Rxd1 Nxc4 18. Nxc4 Rd8 19. Rxd8+ Nxd8 20. h3 Nc6 21. g4 Kf8 22. Kd3 Ke8 23. Be3 Kd7 24. Bf4 Ke6 25.
Bg3 f5 26. Ne3 fxg4 27. fxg4 Be5 28. Bh4 Bf4 29. Nc4 Ne5+ 30. Nxe5 Bxe5 31. Bg5 a6 32. Kc4 Kd6 33. b4 cxb4 34. cxb4 h5 35. Be3 Kc6 36. b5+ axb5+ 37. axb5+ Kc7 38. Kd5 Bd6 39. Ke6 Bc5 40. Bg5 hxg4 41. hxg4 Kd8 42. Kf7 Kd7 43. Kxg6 Ke6 44. Bf4 Bd4 45. Bc7 Kd7 46. Bf4 Ke6 47. g5 Bc3 48. Kh7 Bd4 49. g6 1-0

[Event "*** Titled Tuesday Blitz AM"]
[Site "Chess.com"]
[Date "2020.01.07"]
[Round "9"]
[White "Triumphmate"]
[Black "OK97"]
[Result "1-0"]
[WhiteElo "2664"]
[BlackElo "2833"]
[TimeControl "180+2"]
[EndTime "11:05:43 PST"]
[Termination "Triumphmate won by resignation"]

1. e4 e5 2. Nf3 Nc6 3. Nc3 Nf6 4. Bb5 Bd6 5. d3 O-O 6. O-O Re8 7. Ba4 h6 8. a3 Bf8 9. Bb3 d6 10. h3 Be6 11. Nd5 Bxd5 12. exd5 Ne7 13. c4 Ng6 14. Re1 Nh7 15. Bc2 f5 16. Be3 Qf6 17. Bd2 Be7 18. Bc3 Qf7 19. Ba4 Red8 20. g3 Bf6 21. Bc2 Rf8 22. h4 Ne7 23. d4 e4 24. Ne5 dxe5 25.
dxe5 Bxh4 26. gxh4 Ng6 27. Qh5 Nxe5 28. Qxf7+ Nxf7 29.
f3 exf3 30. Re7 Rfe8 31. Rae1 Rxe7 32. Rxe7 Kf8 33. Rxc7 Re8 34. Bxf5 Nf6 35. Be6 Nd6 36. Bb4 Rd8 37. c5 a5 38. Bxa5 Nde4 39. Rf7+ Ke8 40. Bxd8 f2+ 41. Kf1 Kxd8 42. c6 bxc6 43. dxc6 1-0

[Event "*** Titled Tuesday Blitz AM"]
[Site "Chess.com"]
[Date "2020.01.07"]
[Round "9"]
[White "M1711"]
[Black "Kirill_Klukin"]
[Result "1-0"]
[WhiteElo "2550"]
[BlackElo "2680"]
[TimeControl "180+2"]
[EndTime "11:05:44 PST"]
[Termination "M1711 won by resignation"]

1. d4 Nf6 2. c4 Nc6 3. Nf3 e6 4. Nc3 Bb4 5. Qc2 d6 6. Bd2 O-O 7. a3 Bxc3 8. Bxc3 a5 9. e3 Re8 10. Be2 e5 11. dxe5 dxe5 12. Rd1 Qe7 13. O-O Bg4 14.
Rfe1 Rad8 15. Nd2 Bxe2 16. Rxe2 Qc5 17. Ree1 h6 18. h3 Re7 19. Ne4 Nxe4 20. Qxe4 Red7 21. Rxd7 Rxd7 22. Rb1 a4 23. Rc1 Qd6 24. Qc2 Nd8 25.
Qxa4 b6 26. Qc2 Ne6 27. b4 f6 28. Qe4 Ng5 29. Qf5 Qc6 30. h4 Nf7 31. b5 Qd6 32.
Bb4 Qd3 33. Qxd3 Rxd3 34. c5 Rd5 35. cxb6 cxb6 36. a4 Rd7 37. a5 bxa5 38. Bxa5 h5 39. b6 Rb7 40. Rc8+ Kh7 41. Kf1 Kg6 42. e4 Nd6 43.
Rc7 Rb8 44. f3 Nc8 45. Rc6 Kf7 46. b7 Ne7 47. Rc7 Ke6 48. Bb4 Ng8 49. Bc5 Nh6 50.
Ba7 Rd8 51. b8=Q Rxb8 52. Bxb8 Nf7 53. Ba7 1-0

[Event "*** Titled Tuesday Blitz AM"]
[Site "Chess.com"]
[Date "2020.01.07"]
[Round "9"]
[White "Saloni1299"]
[Black "Butterfly"]
[Result "0-1"]
[WhiteElo "2095"]
[BlackElo "2422"]
[TimeControl "180+2"]
[EndTime "11:05:44 PST"]
[Termination "Butterfly won by resignation"]

1. e4 d5 2. exd5 Qxd5 3. Nc3 Qd6 4. d4 Nf6 5. Bd3 c6 6. Nge2 g6 7. Bf4 Qb4 8. a3 Qb6 9. O-O Bg7 10. Na4 Qd8 11. c4 O-O 12. h3 Bf5 13. Bxf5 gxf5 14. Qb3 Qc8 15. Nc5 b6 16. Nd3 Ne4 17. f3 Nd6 18. c5 Nb5 19. Ne5 bxc5 20. dxc5 Nd7 21. Nxd7 Qxd7 22. Rfd1 Qe6 23. Qxe6 fxe6 24. a4 Bxb2 25.
axb5 Bxa1 26. Rxa1 cxb5 27. Ra6 Rfc8 28. c6 b4 29. Nc1 Rd8 30. c7 Rd4 31. Rxa7 Rf8 32.
Be3 Rc4 33. Rb7 Rc8 34. Bf4 Kf7 35. Nb3 Rxf4 36. Rb8 Rxc7 37. Kf2 Rc2+ 38. Ke3 Rfc4 39. Na5 R4c3+ 40. Kf4 b3 41. Rxb3 Rxb3 42. Nxb3 Rxg2 43.
Nd4 Kf6 44. Nc6 Re2 0-1

[Event "*** Titled Tuesday Blitz AM"]
[Site "Chess.com"]
[Date "2020.01.07"]
[Round "9"]
[White "Zarikovs1999"]
[Black "Zq1"]
[Result "1-0"]
[WhiteElo "2372"]
[BlackElo "2530"]
[TimeControl "180+2"]
[EndTime "11:05:49 PST"]
[Termination "Zarikovs1999 won by resignation"]

1. e4 c5 2. Nf3 d6 3. Bb5+ Bd7 4. Bxd7+ Qxd7 5. c4 Nf6 6. Nc3 e6 7. d4 cxd4 8. Nxd4 Be7 9. O-O O-O 10. Be3 Nc6 11. Qe2 Rac8 12. b3 a6 13. Rfd1 Nxd4 14. Bxd4 Qc6 15.
Rac1 Rfe8 16. f3 h6 17. Bf2 Nd7 18. Qe3 Bg5 19. f4 Bf6 20. Qd3 Nc5 21. Qxd6 Bxc3 22. Qxc6 Rxc6 23. Bxc5 Rxc5 24. Rxc3 Rec8 25. Kf2 b5 26.
Rdc1 g5 27. g3 Kf8 28. Ke3 gxf4+ 29. gxf4 Rh5 30. cxb5 Rxc3+ 31. Rxc3 axb5 32. Rc2 Ke7 33. Kd4 Kd6 34. e5+ Kd7 35. Kc5 f6 36. Re2 Rh4 37.
Kxb5 Rxf4 38. exf6 Rxf6 39. a4 Kc7 40. Rc2+ Kb7 41.
a5 e5 42. b4 e4 43. Re2 Re6 44. Kc5 Re5+ 45. Kd4 Rh5 46. Kc4 e3 47. Rxe3 Rxh2 48. Re5 h5 49. Kb5 h4 50. a6+ 1-0

[Event "*** Titled Tuesday Blitz AM"]
[Site "Chess.com"]
[Date "2020.01.07"]
[Round "9"]
[White "crescentmoon2411"]
[Black "Bulldog167"]
[Result "1-0"]
[WhiteElo "2962"]
[BlackElo "2726"]
[TimeControl "180+2"]
[EndTime "11:05:50 PST"]
[Termination "crescentmoon2411 won on time"]

1. e4 e6 2. d4 d5 3. Nc3 Bb4 4. exd5 exd5 5. Bd3 Nc6 6. Ne2 Nge7 7. O-O Bf5 8. Bf4 O-O 9. Nb5 Ba5 10. c3 Bxd3 11.
Qxd3 Ng6 12. Bg3 Nce7 13. a4 c6 14. b4 Bb6 15. Na3 Bc7 16. b5 Re8 17. Nc2 h5 18. Rfb1 h4 19. Bxc7 Qxc7 20. a5 Nc8 21. a6 b6 22. Nb4 Nce7 23. bxc6 Qd6 24. c4 Rac8 25. Nc3 dxc4 26. Qxc4 Nxc6 27. Nb5 Qd7 28. Nxc6 Rxc6 29. Qd3 Nf4 30. Qf3 Rf6 31. Qb7 Qg4 32.
Kh1 h3 33. gxh3 Nxh3 34. Qg2 Nxf2+ 35. Kg1 Qf4 36. Ra3 Ng4 37. Rg3 Rg6 38. Rf1 Qb8 39.
Rxg4 1-0

[Event "*** Titled Tuesday Blitz AM"]
[Site "Chess.com"]
[Date "2020.01.07"]
[Round "9"]
[White "ori99"]
[Black "JSPrepz"]
[Result "0-1"]
[WhiteElo "2120"]
[BlackElo "2810"]
[TimeControl "180+2"]
[EndTime "11:05:52 PST"]
[Termination "JSPrepz won by resignation"]

1. e4 e5 2. Nf3 Nc6 3. Bc4 Nf6 4. d3 Be7 5. c3 O-O 6. O-O d6 7. h3 Kh8 8. b4 a6 9. a4 Ng8 10. Re1 f5 11. Nbd2 Nf6 12. Ng5 Qe8 13.
Qb3 h6 14. Bf7 Qd8 15. Ne6 Bxe6 16. Bxe6 fxe4 17. dxe4 Nh5 18. g3 Qe8 19. Nf1 Nd8 20.
Bf5 Nf6 21. h4 Qh5 22. Ne3 Qf3 23. Qd1 Qxd1 24. Rxd1 Rg8 25. Bg6 Rf8 26. f3 Nc6 27. Kg2 Bd8 28. Bf5 Ne7 29. Bh3 Nc6 30. Ba3 b5 31.
Bc1 Be7 32. Bd2 Rfb8 33. Ra2 Rf8 34. Rda1 Rab8 35. axb5 axb5 36. Ra6 Nd8 37. Ra7 Ne8 38. Nd5 Bf6 39. Nxc7 Nc6 40. Ne6 Nxa7 41. Nxf8 Nc6 42. Ra6 Ne7 43. Nd7 Rd8 44. Be3 Kh7 45. Bb6 Nc7 46.
Bxc7 Re8 47. Rxd6 Ng8 48. Nxf6+ Nxf6 49. Bb6 Ra8 50. Bd8 Ra2+ 51. Kf1 Ne8 52. Re6 Ra1+ 53. Ke2 Ra2+ 54. Kd3 Nf6 55. Bxf6 gxf6 56. Rxf6 Rf2 57.
Bf5+ Kg7 58. Rg6+ Kf7 59. Ke3 Rc2 60. Rxh6 Rxc3+ 61. Kf2 Rc2+ 62. Kg1 Rc3 63. Kg2 0-1

[Event "*** Titled Tuesday Blitz AM"]
[Site "Chess.com"]
[Date "2020.01.07"]
[Round "9"]
[White "MattyDPerrine"]
[Black "Fh2411"]
[Result "0-1"]
[WhiteElo "2365"]
[BlackElo "2529"]
[TimeControl "180+2"]
[EndTime "11:05:55 PST"]
[Termination "Fh2411 won by resignation"]

1. Nf3 d5 2. g3 g6 3. Bg2 Bg7 4. d4 Nf6 5. O-O O-O 6. c4 c6 7. Qb3 Qb6 8. Nc3 Rd8 9. Rd1 Be6 10. Qxb6 axb6 11. cxd5 Nxd5 12. a3 Nxc3 13. bxc3 b5 14.
Bg5 Kf8 15. e4 Bb3 16. Rdc1 Nd7 17. Bf4 Rdc8 18. Ne1 Bc4 19. Bh3 e6 20. Bd6+ Ke8 21.
Nc2 Nb6 22. Ne3 Na4 23. Nxc4 bxc4 24. Rab1 b5 25. Bb4 f5 26. Re1 Kf7 27. exf5 gxf5 28. Bg2 Nb6 29. Re2 Nd5 30. Bxd5 cxd5 31. Rbe1 Rc6 32.
Kg2 Bf8 33. Bxf8 Rxf8 34. Rb2 Ra8 35. Rxb5 Rxa3 36. Rb7+ Kf6 37. Re3 h6 38. Kh3 Rb3 39. Ra7 Rcb6 40. Kh4 Rb2 41. Rf3 Re2 42. Kh5 Rbb2 43.
Kxh6 Rxf2 44. g4 Rxh2+ 0-1

[Event "*** Titled Tuesday Blitz AM"]
[Site "Chess.com"]
[Date "2020.01.07"]
[Round "9"]
[White "DanielNaroditsky"]
[Black "Sethu0025"]
[Result "0-1"]
[WhiteElo "3064"]
[BlackElo "2819"]
[TimeControl "180+2"]
[EndTime "11:05:58 PST"]
[Termination "Sethu0025 won by resignation"]

1. b3 d5 2. Bb2 c5 3. e3 Nc6 4. Bb5 e6 5. Nf3 Ne7 6. d4 a6 7.
Bxc6+ Nxc6 8. dxc5 Bxc5 9. O-O O-O 10. Nbd2 Qe7 11. a3 Rd8 12. b4 Ba7 13. Nb3 e5 14. h3 f6 15. Qe2 Be6 16. Rfd1 Rac8 17. Rac1 b5 18. Ne1 d4 19. exd4 Bc4 20. Qe4 Bd5 21.
Qg4 Be6 22. Qe2 Bxb3 23. cxb3 Nxd4 24. Rxd4 Bxd4 25. Rxc8 Rxc8 26. Bxd4 Qf7 27. Bc5 Qxb3 28. Qd2 Qe6 29. Nf3 Kf7 30. Nh2 Rc7 31. Nf1 Rd7 32.
Qc2 e4 33. Ne3 Rd3 34. Qe2 Kg6 35. Nc2 f5 36. Ne3 Rxa3 37. g3 Qa2 38. Nc2 Rc3 39.
Qd2 Qxc2 40. Qd6+ Kh5 41. g4+ Kh4 42. Qg3+ Rxg3+ 43. fxg3+ Kxg3 0-1

[Event "*** Titled Tuesday Blitz AM"]
[Site "Chess.com"]
[Date "2020.01.07"]
[Round "9"]
[White "Witik"]
[Black "Megagigahiper3345"]
[Result "1-0"]
[WhiteElo "2675"]
[BlackElo "2458"]
[TimeControl "180+2"]
[EndTime "11:05:59 PST"]
[Termination "Witik won by resignation"]

1. d4 f5 2. g3 e6 3. Bg2 Nf6 4. c4 Be7 5. Nf3 d6 6. O-O O-O 7. Nc3 a5 8. Re1 Ne4 9. Qd3 Nxc3 10. bxc3 Nc6 11. e4 e5 12. c5 fxe4 13. Qxe4 d5 14.
Qe2 e4 15. Nd2 Bf6 16. Rb1 Qe8 17. Nf1 Qg6 18. Bf4 Bg4 19. f3 Bxf3 20. Bxf3 Bxd4+ 21. Kh1 exf3 22. Qxf3 Bf6 23. Qxd5+ Kh8 24. Bxc7 Rae8 25. Bd6 Rxe1 26. Rxe1 Rd8 27. Ne3 Bxc3 28. Rf1 Bf6 29. Nf5 Qe8 30. Rb1 Ne7 31. Nxe7 Bxe7 32. Re1 Qb5 33.
a4 Qa6 34. Qf7 Qc6+ 35. Kg1 Bxd6 36. cxd6 Qc5+ 37. Kg2 Qc6+ 38. Kh3 Qc8+ 39. d7 Qc7 1-0

[Event "*** Titled Tuesday Blitz AM"]
[Site "Chess.com"]
[Date "2020.01.07"]
[Round "9"]
[White "Ba_clbaf_osed_ingo_3v21"]
[Black "hansen"]
[Result "0-1"]
[WhiteElo "2554"]
[BlackElo "2881"]
[TimeControl "180+2"]
[EndTime "11:05:59 PST"]
[Termination "hansen won by resignation"]

1. Nf3 b5 2. d4 Bb7 3. a4 b4 4.
c4 bxc3 5. Nxc3 Nf6 6. Bg5 e6 7.
e4 h6 8. Bxf6 gxf6 9. Qb3 Qc8 10. Bd3 Nc6 11. O-O Nb4 12. Be2 Rg8 13. Rac1 a6 14. a5 Rb8 15. Qd1 Qd8 16. Bc4 c5 17. Qe2 cxd4 18. Nxd4 Qxa5 19. Nb3 Qg5 20. f4 Qg4 21.
Qd2 h5 22. Rcd1 Rd8 23. Rf2 h4 24. Be2 Qg7 25. Bf3 Be7 26. Na4 Bc6 27. Nac5 a5 28. Rc1 a4 29. Na5 Na2 30. Rc2 Qf8 31. Na6 Bd6 32. Qd3 Bxf4 33. Qc4 Qd6 34. Qxa2 Be3 35. Qc4 Rc8 36. Qe2 Ba7 37. Kh1 h3 38. g3 Bxf2 39. Qxf2 Ke7 40. Nc5 Rg5 41. Nxc6+ Rxc6 42. Nd3 Qxd3 43. Rxc6 Qb1+ 44. Qg1 Qxg1+ 45. Kxg1 dxc6 0-1

[Event "*** Titled Tuesday Blitz AM"]
[Site "Chess.com"]
[Date "2020.01.07"]
[Round "9"]
[White "mishanick"]
[Black "FairChess_on_YouTube"]
[Result "1-0"]
[WhiteElo "2985"]
[BlackElo "3002"]
[TimeControl "180+2"]
[EndTime "11:06:05 PST"]
[Termination "mishanick won by checkmate"]

1. d4 Nf6 2. c4 e6 3. Nf3 d5 4.
Nc3 a6 5. cxd5 exd5 6. Qb3 Be7 7. Bg5 c6 8. e3 O-O 9. Bd3 h6 10. Bh4 Nbd7 11. O-O Re8 12. Qc2 Ne4 13. Bxe4 Bxh4 14. Bh7+ Kh8 15. Bd3 Be7 16. Rab1 Bd6 17. b4 Nf6 18. Bf5 g6 19. Bxc8 Rxc8 20. a4 Kg7 21. Qd3 Ne4 22. Rfc1 b5 23. axb5 axb5 24. Ne2 Qf6 25. Ng3 h5 26. Qc2 Nxg3 27. hxg3 g5 28.
Re1 Re4 29. Nd2 Rg4 30. e4 Qxd4 31. Nf3 Qb6 32. exd5 Bxg3 33. d6 Bxd6 34. Qf5 Rh8 35. Rbd1 Rh6 36. Rxd6 Rxd6 37. Nxg5 Rg6 38. Qxf7+ Kh6 39.
Qf8+ Kxg5 40. Re5+ Kh4 41. Qe7+ R6g5 42. Rxg5 Rxg5 43.
g3+ Kh3 44. Qxg5 Qd4 45. Qxh5+ Qh4 46. Qxh4# 1-0

[Event "*** Titled Tuesday Blitz AM"]
[Site "Chess.com"]
[Date "2020.01.07"]
[Round "9"]
[White "PotapovaM"]
[Black "enkhtuul"]
[Result "1/2-1/2"]
[WhiteElo "2500"]
[BlackElo "2367"]
[TimeControl "180+2"]
[EndTime "11:06:13 PST"]
[Termination "Game drawn by repetition"]

1. d4 c5 2. d5 Nf6 3. c4 g6 4. Nc3 Bg7 5. Nf3 O-O 6. e4 d6 7.
Bd3 Bg4 8. O-O Na6 9. h3 Bxf3 10. Qxf3 Nd7 11. Qd1 Ne5 12. Be2 Nc7 13. f4 Nd7 14. Be3 Rb8 15. a4 a6 16. e5 dxe5 17. f5 b6 18. a5 b5 19. cxb5 Nxb5 20. Ne4 Nd4 21.
fxg6 hxg6 22. Bxa6 Rxb2 23. Bc4 Qc7 24. Kh1 Nf6 25.
Ng5 Qd7 26. a6 Nxd5 27. Bxd4 exd4 28. a7 Nb6 29. Rxf7 Qb7 30. Rxf8+ Kxf8 31. Qf1+ Bf6 32.
Nh7+ Kg7 33. Nxf6 exf6 34. h4 Qa8 35. h5 Nxc4 36. h6+ Kxh6 37. Qf4+ Kg7 38. Qc7+ Kh6 39. Qf4+ Kh7 40. Qc7+ Kh6 41. Qf4+ 1/2-1/2

[Event "*** Titled Tuesday Blitz AM"]
[Site "Chess.com"]
[Date "2020.01.07"]
[Round "9"]
[White "Daxasy"]
[Black "Snegokhod"]
[Result "1-0"]
[WhiteElo "2807"]
[BlackElo "2599"]
[TimeControl "180+2"]
[EndTime "11:06:15 PST"]
[Termination "Daxasy won by resignation"]

1. e4 c5 2. Nf3 e6 3. d4 cxd4 4.
Nxd4 Nf6 5. Nc3 d6 6. g4 h6 7. h4 Nc6 8. Nxc6 bxc6 9. Rg1 h5 10.
gxh5 Nxh5 11. Bg5 Nf6 12. Qf3 e5 13. O-O-O Be7 14. Bc4 Rb8 15. Bb3 a5 16. h5 Rxb3 17. axb3 Nxh5 18. Bxe7 Qxe7 19. Kb1 g6 20. Rh1 Ba6 21.
Na4 Bb5 22. Qc3 Bxa4 23. bxa4 Qc7 24. f4 f6 25. f5 gxf5 26. exf5 Rh7 27. Qc4 d5 28. Rxd5 cxd5 29. Qxd5 Kf8 30. Qa8+ Kf7 31. Qf3 Kf8 32. Rxh5 Rxh5 33. Qxh5 Qc4 34. Qh8+ Kf7 35. Qh7+ Kf8 36. Qh6+ Ke7 37. Qg7+ Ke8 38. Qg6+ Ke7 39. b3 Qc6 40. Qg7+ Ke8 41. Qg8+ Ke7 42. Qb8 Qe4 43. Qc7+ Ke8 44. Qc8+ Ke7 45. Qe6+ Kd8 46. Qxf6+ Kc7 47. Qe7+ Kc6 48. f6 Qe1+ 49. Kb2 Qe3 50. Qe6+ Kb7 51.
Qd5+ Kc7 52. f7 Qf4 53. Qc5+ Kd7 54. f8=Q 1-0

[Event "*** Titled Tuesday Blitz AM"]
[Site "Chess.com"]
[Date "2020.01.07"]
[Round "9"]
[White "TregubovP"]
[Black "arminmusovic"]
[Result "1/2-1/2"]
[WhiteElo "2607"]
[BlackElo "2513"]
[TimeControl "180+2"]
[EndTime "11:06:16 PST"]
[Termination "Game drawn by repetition"]

1. e4 c6 2. c4 d5 3. exd5 cxd5 4. cxd5 a6 5. Nc3 Nf6 6. Nf3 Nxd5 7. Bc4 Nxc3 8. dxc3 Qxd1+ 9. Kxd1 Nc6 10. h3 Bf5 11.
Ke2 e6 12. Nh4 Ne5 13. Nxf5 Nxc4 14. Nd4 Bc5 15. Rd1 Ke7 16. b3 Nd6 17. Be3 Rac8 18. c4 Rhd8 19. Rd3 e5 20. Nc2 Ne4 21. Rad1 Bxe3 22.
Nxe3 Rxd3 23. Rxd3 Ke6 24. f3 Nf6 25. g4 g6 26. g5 e4 27. Rd4 exf3+ 28. Kxf3 Nd7 29.
Nd5 f5 30. gxf6 Nxf6 31. Nxf6 Kxf6 32. Rd7 b5 33. cxb5 axb5 34. Rxh7 Ra8 35. Rb7 Rxa2 36.
Rb6+ Kg5 37. Rxb5+ Kh4 38. Rb6 Kh5 39. Rb8 Rb2 40.
Kg3 Rc2 41. Rh8+ Kg5 42. h4+ Kf6 43. Rf8+ Kg7 44. Rb8 Rc3+ 45. Kg4 Rc1 46. b4 Kh6 47. b5 Rc4+ 48. Kg3 Kg7 49. b6 Rb4 50. Rb7+ Kh6 51. Rb8 Kg7 52. Kh3 Kh7 53. Kg3 Kg7 1/2-1/2

[Event "*** Titled Tuesday Blitz AM"]
[Site "Chess.com"]
[Date "2020.01.07"]
[Round "9"]
[White "OparinGrigoriy"]
[Black "Parhamov"]
[Result "0-1"]
[WhiteElo "3036"]
[BlackElo "3083"]
[TimeControl "180+2"]
[EndTime "11:06:19 PST"]
[Termination "Parhamov won by resignation"]

1. Nf3 Nf6 2. g3 g6 3. Bg2 Bg7 4. c4 O-O 5. d4 d6 6. O-O Nc6 7. Nc3 e5 8. dxe5 dxe5 9. Bg5 Be6 10. Qa4 Qc8 11. Nd2 Nd4 12. Rac1 Nd7 13. Qa3 Re8 14. b3 h6 15. Be3 Nf5 16. Nd1 a5 17. Ne4 Bf8 18.
Qb2 Nxe3 19. Nxe3 f5 20. Nc3 c6 21. Na4 Qc7 22. c5 e4 23. Rfd1 Rad8 24. Qc2 h5 25. h4 Ne5 26. Rxd8 Rxd8 27. Rd1 Bh6 28. Rxd8+ Qxd8 29.
Qd1 Qxd1+ 30. Nxd1 Bd2 31. f3 exf3 32. Bxf3 Nd7 33.
e4 f4 34. gxf4 Bxf4 35. Kg2 Be5 36. Nf2 Bd4 37. Nd3 Be3 38. Be2 Kg7 39. Kf3 Bd4 40. Kg3 Kf6 41. Bf1 Bg4 42. Kf4 Ne5 43.
Kg3 Nxd3 44. Bxd3 g5 45. hxg5+ Kxg5 46. Nb6 h4+ 47. Kh2 Bxc5 48. Nc4 b5 49. Nxa5 Bd6+ 50.
Kg1 h3 51. Bf1 Kf4 52. Nxc6 Kg3 53. Bxh3 Bxh3 54. b4 Bf4 0-1

[Event "*** Titled Tuesday Blitz AM"]
[Site "Chess.com"]
[Date "2020.01.07"]
[Round "9"]
[White "severomorskij"]
[Black "temus_galaktionov"]
[Result "1-0"]
[WhiteElo "2907"]
[BlackElo "2752"]
[TimeControl "180+2"]
[EndTime "11:06:22 PST"]
[Termination "severomorskij won by resignation"]

1. d4 c6 2. c4 g6 3. Nc3 Bg7 4. e4 d6 5. f3 Nd7 6. Be3 e5 7.
Nge2 Ne7 8. Qd2 Qa5 9. O-O-O O-O 10.
Bh6 b5 11. h4 b4 12. Nb1 Qxa2 13. Ng3 Ba6 14. h5 Bf6 15. hxg6 fxg6 16. Bxf8 Rxf8 17.
Qxb4 Rb8 18. Qa3 Qxa3 19. Nxa3 exd4 20. Nc2 c5 21. f4 g5 22. f5 Nc6 23. Nh5 Nce5 24.
Na3 Bd8 25. Be2 Rb4 26. Kb1 Rb3 27. Rh3 Rxh3 28. gxh3 Bb7 29. Ng3 Nf6 30. Bd3 h5 31.
Ka2 h4 32. Nf1 Nxd3 33. Rxd3 Bxe4 34. Rb3 Kf7 35. Nb5 Be7 36. Nd2 Bxf5 37. Rf3 Kg6 38.
Nxa7 g4 39. hxg4 Bxg4 40. Rf2 Nh5 41. Nc6 Bg5 42. Ne4 Bf4 43. Ne7+ Kg7 44. Nd5 Be5 45. Rg2 h3 46. Rxg4+ Kh6 47. Rh4 h2 48. Nef6 d3 49. Rxh5+ Kg6 50. Kb1 1-0